 Dungeon Crawl Stone Soup version 0.29-a0-541-gaf1fc19f1b (webtiles) character file.

Game seed: 17951380716592498855

199 hquester1 the Skirmisher (level 5, -1/54 HPs)
             Began as a Troll Fighter on June 2, 2022.
             Killed by divine providence
             ... invoked by an orc priest
              (11 damage)
             ... on level 3 of the Dungeon.
             The game lasted 00:06:42 (2018 turns).

hquester1 the Skirmisher (Troll Fighter)            Turns: 2018, Time: 00:06:43

Health: -1/54      AC:  4    Str: 24    XL:     5   Next: 48%
Magic:  4/4        EV:  9    Int:  4    God:
Gold:   183        SH:  8    Dex: 11    Spells: 4/4 levels left

rFire   . . .      SeeInvis .   a - +0 flail
rCold   . . .      Faith    .   c - +0 kite shield
rNeg    . . .      Spirit   .   b - +0 robe
rPois   .          Reflect  .   (helmet restricted)
rElec   .          Harm     .   (no cloak)
rCorr   .          Rampage  .   (gloves unavailable)
Will    .....                   (boots unavailable)
Stlth   +.........              (no amulet)
HPRegen 0.98/turn               (no ring)
MPRegen 0.09/turn               (no ring)

@: no status effects
A: large, unfitting armour, claws 3, regeneration 1, shaggy fur 1, tough skin 1
a: no special abilities


You were on level 3 of the Dungeon.
You visited 1 branch of the dungeon, and saw 3 of its levels.

You collected 183 gold pieces.

Inventory:

Hand Weapons
 a - a +0 flail (weapon)
Armour
 b - a +0 robe (worn)
 c - a +0 kite shield (worn)
Jewellery
 m - a ring of protection from cold
Wands
 p - a wand of mindburst (11)
 u - a wand of paralysis (7)
Scrolls
 e - a scroll of noise {unknown}
 f - 3 scrolls of fear {unknown}
 g - 5 scrolls of identify {unknown}
 h - a scroll of vulnerability {unknown}
 k - a scroll of poison {unknown}
 l - 3 scrolls of teleportation {unknown}
 n - a scroll of enchant weapon {unknown}
 o - 2 scrolls of magic mapping {unknown}
 s - a scroll of blinking {unknown}
 t - a scroll of fog {unknown}
Potions
 d - 3 potions of might
 i - 3 potions of curing {unknown}
 j - a potion of mutation {unknown}
 q - a potion of degeneration {unknown}
 r - a potion of invisibility {unknown}


   Skills:
 * Level 3.6 Fighting
 + Level 2.8 Maces & Flails
 + Level 3.1 Dodging
 + Level 3.5 Shields


You had 4 spell levels left.
You didn't know any spells.
Your spell library contained the following spells:

 Spells                   Type           Power      Damage    Failure   Level
 Gell's Gravitas          Tloc           0%         N/A       99%         3
 Lesser Beckoning         Tloc           0%         N/A       99%         3
 Teleport Other           Tloc           0%         N/A       99%         3


Dungeon Overview and Level Annotations

Branches:
Dungeon (3/15)

Altars:


Innate Abilities, Weirdness & Mutations

You are too large for most types of armour.
You have claws for hands.
Your natural rate of healing is unusually fast.
You are covered in fur. (AC +1)
You have tough skin. (AC +1)


Message History

Something hits you.
You miss something. Something hits you but does no damage.
The orc priest calls down the wrath of Beogh upon you.
Beogh smites you!
You barely miss something. Something hits you.
You barely miss something.
You hear some strange, mumbled words.
A magic dart appears from out of thin air!
The magic dart hits you! Something hits you but does no damage.
You barely miss something. You block something's attack.
You miss something.
Something hits you but does no damage. x2
You closely miss something. You block something's attack.
You closely miss something.
You hear some strange, mumbled words.
You are confused.
You miss something. Something hits you.
The orc priest calls down the wrath of Beogh upon you.
Beogh smites you! Something hits you.
You completely miss something. Something hits you but does no damage.
You're too confused to move!
You hear some strange, mumbled words.
A magic dart appears from out of thin air!
The magic dart hits you.
You bump into the rock wall.
You feel less confused. Something hits you.
A magic dart appears from out of thin air!
The magic dart hits you!
* * * LOW HITPOINT WARNING * * *
You hit something.
Reactivating autopickup.
You feel a bit more experienced.
You barely miss the hobgoblin. The hobgoblin barely misses you.
The orc priest calls down the wrath of Beogh upon you.
Beogh smites you!
* * * LOW HITPOINT WARNING * * *
You hit the hobgoblin but do no damage. You block the hobgoblin's attack.
The orc priest invokes the aid of Beogh against you.
Beogh smites you!
You die...

#######.##.# #...#..
#.... #.#.#.# ##....
####.#.#.# ##.....
##....#.... #......
#####...######. #.....
..........#.... #....
##########...#.#.###
#...###.g@...........#
#..)..o############...#
######## #### # # # # #


You could see an orc priest and a hobgoblin.

Vanquished Creatures
  Jessica (D:2)
  2 orc wizards (D:3)
  A gnoll (D:1)
  5 adders
  2 worms (D:2)
  A dart slug (D:3)
  2 orcs (D:3)
  4 ball pythons
  5 endoplasms
  4 giant cockroaches (D:1)
  5 goblins
  5 hobgoblins
  5 kobolds
  5 quokkas
  4 bats (D:1)
  3 frilled lizards
  5 rats
59 creatures vanquished.

Notes
Turn   | Place    | Note
-------+----------+-------------------------------------------
     0 | D:1      | hquester1 the Troll Fighter began the quest for the Orb.
     0 | D:1      | Reached XP level 1. HP: 22/22 MP: 0/0
    90 | D:1      | Reached XP level 2. HP: 29/29 MP: 1/1
   307 | D:1      | Reached XP level 3. HP: 33/36 MP: 2/2
   505 | D:1      | Found a faded altar of an unknown god.
  1090 | D:2      | Noticed Jessica
  1097 | D:2      | Killed Jessica
  1098 | D:2      | Reached XP level 4. HP: 45/45 MP: 3/3
  1900 | D:3      | Reached XP level 5. HP: 53/53 MP: 4/4
  2018 | D:3      | Killed from afar by an orc priest

Illustrated notes

Levels and vault maps discovered:
D:1:      dpeg_arrival_rhombus, layout_loops_ring,
          dreamdust_ecumenical_altar_angels_and_demons, minivault_26
D:2:      layout_basic, uniq_jessica
D:3:      layout_loops_ring

Skill      XL: |  1  2  3  4 |
---------------+-------------+-----
Maces & Flails | 2 |  2.8
Shields        | 3 |  3.5
Fighting       | 3 |  3.6
Dodging        | 3 |  3.1

Action                   |  1- 3 |  4- 6 || total
-------------------------+-------+-------++-------
Melee: Flail             |   150 |   106 ||   256
 Stab: Sleeping          |     1 |     1 ||     2
Armor: Robe              |    50 |    29 ||    79
Dodge: Dodged            |    64 |    46 ||   110
Block: Kite shield       |    60 |    35 ||    95

Table legend: (Time is in decaauts)
 A = Elapsed time spent in this place.
 B = Non-inter-level travel time spent in this place.
 C = Inter-level travel time spent in this place.
 D = Time resting spent in this place.
 E = Time spent auto-exploring this place.
 F = Levels seen in this place.
 G = Mean time per level.
                   A        B        C        D        E       F      G
               +--------+--------+--------+--------+--------+-----+--------+
         Total |   2124 |   2089 |     35 |     26 |   1395 |   3 |  708.0 |
       Dungeon |   2124 |   2089 |     35 |     26 |   1395 |   3 |  708.0 |
               +--------+--------+--------+--------+--------+-----+--------+

Top non-repeatable levels by time:
     D:2: 966 daAuts
     D:1: 746 daAuts
     D:3: 411 daAuts
